 Dungeon Crawl Stone Soup version 0.23-a0-292-g6cc01a3c85 (webtiles) character file.

15296 Deemzul the Spear-Bearer (level 12, -1/85 HPs)
             Began as an Octopode Fighter on Oct 4, 2018.
             Slain by a troll (12 damage)
             ... led by an orc high priest
             ... on level 10 of the Dungeon.
             The game lasted 00:16:46 (11968 turns).

Deemzul the Spear-Bearer (Octopode Fighter)        Turns: 11968, Time: 00:16:46

Health: -1/85      AC:  4    Str: 16    XL:     12   Next: 25%
Magic:  22/22      EV: 24    Int: 11    God:
Gold:   805        SH: 13    Dex: 18    Spells: 11/11 levels left

rFire    + . .     SeeInvis .   a - +0 trident
rCold    . . .     Gourm    .   h - +2 shield {AC+3}
rNeg     . . .     Faith    .   (helmet restricted)
rPois    +         Spirit   .   B - amulet of harm
rElec    .         Reflect  .   b - ring of protection from fire
rCorr    +         Harm     +   v - ring of resist corrosion
MR       .....                  w - ring of poison resistance
Stlth    +++++.....             y - ring of magical power
HPRegen  0.24/turn              K - +3 ring of dexterity
MPRegen  0.18/turn              P - +5 ring of evasion
                                (no ring)
                                (no ring)

@: no status effects
A: almost no armour, stealthy swim, amphibious, 8 rings, constrict 8, camouflage
1, gelatinous body 1
a: no special abilities


You were on level 10 of the Dungeon.
You were hungry.

You visited 2 branches of the dungeon, and saw 12 of its levels.

You collected 877 gold pieces.
You spent 72 gold pieces at shops.

Inventory:

Hand Weapons
 a - a +0 trident (weapon)
 N - a +0 blowgun
Missiles
 m - 2 silver javelins (quivered)
 O - 9 curare-tipped needles
Armour
 h - a +2 shield of protection (worn)
Jewellery
 b - a ring of protection from fire (left tentacle)
 v - a ring of resist corrosion (right tentacle)
 w - a ring of poison resistance (on tentacle)
 y - a ring of magical power (on tentacle)
 B - an amulet of harm (around mantle)
 K - a +3 ring of dexterity (on tentacle)
 P - a +5 ring of evasion (on tentacle)
Wands
 e - a wand of flame (33)
 A - a wand of iceblast (8)
 D - a wand of acid (22)
 E - a wand of paralysis (3)
 F - a wand of clouds (4)
 I - a wand of digging (10)
 J - a wand of random effects (27)
Scrolls
 i - 5 scrolls of teleportation {unknown}
 j - 4 scrolls of amnesia {unknown}
 k - 3 scrolls of fog {unknown}
 l - a scroll of remove curse
 n - 3 scrolls of immolation {unknown}
 r - 2 scrolls of fear {unknown}
 u - 2 scrolls of enchant weapon {unknown}
 C - 4 scrolls of blinking {unknown}
 G - 3 scrolls of enchant armour {unknown}
 H - a scroll of random uselessness {unknown}
 M - a scroll of noise {unknown}
Potions
 c - a potion of might
 f - 3 potions of agility
 g - a potion of flight
 o - 2 potions of mutation
 p - a potion of heal wounds
 q - a potion of magic
 s - 3 potions of curing
 t - a potion of brilliance
 x - a potion of cancellation
 z - 2 potions of haste
 L - a potion of degeneration
Comestibles
 d - 21 rations


   Skills:
 + Level 9.0 Fighting
 * Level 11.9 Polearms
 + Level 1.8 Throwing
 + Level 9.0 Dodging
 + Level 6.6 Stealth
 + Level 8.9 Shields
 + Level 2.5 Evocations


You had 11 spell levels left.
You didn't know any spells.
Your spell library contained the following spells:

 Spells                   Type           Power        Failure   Level  Hunger
 Confusing Touch          Hex            #.....       58%         1    ##.....
 Corona                   Hex            #......      58%         1    ##.....
 Slow                     Hex            #.......     75%         2    ###....
 Confuse                  Hex            #.......     92%         3    ####...
 Gell's Gravitas          Tloc           #.........   92%         3    ####...
 Inner Flame              Hex/Fire       #.......     92%         3    ####...
 Portal Projectile        Hex/Tloc       #.....       92%         3    ####...
 Cause Fear               Hex            #.........   100%        4    #####..
 Leda's Liquefaction      Hex/Erth       #.........   100%        4    #####..
 Petrify                  Tmut/Erth      #.......     100%        4    #####..
 Metabolic Englaciation   Hex/Ice        #.........   100%        5    ######.
 Yara's Violent Unravell  Hex/Tmut       #.........   100%        5    ######.


Dungeon Overview and Level Annotations

Branches:
Dungeon (11/15)            Temple (0/1) D:5             Orc (1/2) D:10
   Lair: D:8-11

Altars:
Cheibriados
Elyvilon
Gozag
Kikubaaqudgha
Makhleb
Okawaru
Ru
Wu Jian
Yredelemnul
The Shining One
Beogh

Shops:
D:10 *

Annotations:
D:9 3 runed doors
D:10 3 runed doors, Mesh's ghost, novice SpEn


Innate Abilities, Weirdness & Mutations

You cannot wear most types of armour.
You are very stealthy in the water. (Stealth+)
You are amphibious.
You can wear up to eight rings at the same time.
You can use your tentacles to constrict eight enemies at once.
Your skin changes colour to match your surroundings (Stealth+).
Your rubbery body absorbs attacks. (AC +1, EV +1)


Message History

You closely miss the troll.
The troll is heavily wounded.
You block the troll's attack. The troll misses you.
The troll completely misses you.
You closely miss the troll.
The troll is heavily wounded.
You hit the troll. Your squeeze misses the troll.
The troll is severely wounded.
The troll completely misses you. The troll claws you.
The troll completely misses you.
You closely miss the troll. Your squeeze misses the troll.
The troll is severely wounded.
The troll bites you! The troll completely misses you.
You block the troll's attack.
You hit the troll. Your squeeze misses the troll.
The troll is severely wounded.
The troll is no longer covered in acid.
The troll bites you!
* * * LOW HITPOINT WARNING * * *
The troll claws you!
You die...

#.......# #..............
#.......# #.........)....
#..>....# #.........[....
#.......# #..............
#.......# #............#.
#.......# #............#.
######.......######............##
...................##+####.......
................@#.......#.......
...............T.#.......#.......
.......)(........#.......#.......
.................#.......#.......
.................#.......#.......
.................'.......#.(.....
.................#########.......
################.................
..# #.....#.................


You could see a troll.

Vanquished Creatures
  An orc high priest (Orc:1)
  Sonja (Orc:1)
  An orc knight (D:10)
  A troll (Orc:1)
  A hornet (D:10)
  2 hippogriffs
  A vampire (D:11)
  Sigmund (D:3)
  A basilisk (D:11)
  9 yaks
  2 steam dragons
  2 wargs
  An acid dragon (D:10)
  5 orc warriors
  A phantom (D:8)
  4 sky beasts
  2 black bears (D:9)
  4 ice beasts
  5 centaurs
  5 ogres
  2 big kobolds
  7 bullfrogs
  4 scorpions
  9 wights (D:8)
  2 howler monkeys (D:5)
  5 crimson imps
  A bullfrog zombie (D:8)
  5 jellies
  9 orc priests
  A gnoll shaman (D:8)
  6 hounds
  2 iguanas
  9 orc wizards
  5 worker ants
  A hound skeleton (D:10)
  A worker ant zombie (D:7)
  A howler monkey zombie (D:7)
  7 gnolls
  10 adders
  7 oozes
  An adder skeleton (D:4)
  4 worms
  A dart slug (D:4)
  3 leopard geckos
  37 orcs
  6 giant cockroaches
  3 goblins
  3 hobgoblins
  6 jackals
  16 kobolds
  3 quokkas
  2 ball pythons (D:3)
  2 bats (D:2)
  4 frilled lizards
  A leopard gecko skeleton (D:2)
  A quokka skeleton (D:7)
  A quokka zombie (D:5)
  9 rats
247 creatures vanquished.

Vanquished Creatures (others)
  2 fungi (D:9)
  2 plants (D:9)
4 creatures vanquished.

Grand Total: 251 creatures vanquished

Notes
Turn   | Place    | Note
-------+----------+-------------------------------------------
     0 | D:1      | Deemzul the Octopode Fighter began the quest for the Orb.
     0 | D:1      | Reached XP level 1. HP: 16/16 MP: 1/1
   165 | D:1      | Reached XP level 2. HP: 21/21 MP: 2/2
   858 | D:2      | Reached XP level 3. HP: 26/26 MP: 3/3
  1229 | D:2      | Reached skill level 3 in Polearms
  1229 | D:2      | Reached XP level 4. HP: 31/31 MP: 4/4
  1271 | D:2      | Found a snail-covered altar of Cheibriados.
  1666 | D:3      | Found a faded altar of an unknown god.
  1666 | D:3      | Noticed Sigmund
  2019 | D:4      | Noticed an ogre
  2165 | D:3      | Reached XP level 5. HP: 25/36 MP: 5/5
  2395 | D:3      | Killed Sigmund
  2395 | D:3      | Reached skill level 4 in Polearms
  2395 | D:3      | Reached XP level 6. HP: 40/43 MP: 6/6
  2423 | D:3      | Found a basalt altar of Yredelemnul.
  2736 | D:4      | Noticed a sky beast
  2909 | D:4      | Reached XP level 7. HP: 49/49 MP: 7/7
  3072 | D:4      | Reached skill level 5 in Polearms
  3444 | D:5      | Entered Level 5 of the Dungeon
  3472 | D:5      | Reached XP level 8. HP: 54/54 MP: 8/8
  3504 | D:5      | Reached skill level 5 in Fighting
  3504 | D:5      | Reached skill level 5 in Dodging
  3552 | D:5      | Reached skill level 6 in Polearms
  3644 | D:5      | Found an opulent altar of Gozag.
  3682 | D:5      | Reached skill level 5 in Shields
  4443 | D:5      | Found a staircase to the Ecumenical Temple.
  4797 | D:6      | Found a burning altar of Makhleb.
  4797 | D:6      | Found an ornate altar of the Wu Jian Council.
  4835 | D:6      | Paralysed by fainting for 12 turns
  5127 | D:6      | Reached skill level 7 in Polearms
  5369 | D:6      | Reached XP level 9. HP: 62/62 MP: 9/9
  5890 | D:7      | Reached skill level 8 in Polearms
  7075 | D:8      | Reached skill level 9 in Polearms
  7075 | D:8      | Reached XP level 10. HP: 67/69 MP: 10/10
  7804 | D:9      | Found a runed gate.
  7808 | D:9      | Found a runed gate.
  7808 | D:9      | Found a runed gate.
  7808 | D:9      | Noticed a kobold demonologist
  7820 | D:9      | Found an opulent altar of Gozag.
  7822 | D:9      | Found a sacrificial altar of Ru.
  7826 | D:9      | Found an iron altar of Okawaru.
  7906 | D:9      | Noticed a two-headed ogre
  8264 | D:9      | Found an ancient bone altar of Kikubaaqudgha.
  8295 | D:9      | Found a glowing golden altar of the Shining One.
  8602 | D:9      | Noticed a death knight
  8626 | D:10     | Entered Level 10 of the Dungeon
  8631 | D:10     | Reached skill level 10 in Polearms
  8963 | D:10     | Found Fipeofo's Assorted Antiques.
  8971 | D:10     | Bought a scroll labeled CINTAEPPAW for 36 gold pieces
  8971 | D:10     | Bought a scroll labeled MYPLAOH WUTEAGGU for 36 gold pieces
  9059 | D:10     | Reached skill level 11 in Polearms
  9059 | D:10     | Reached skill level 5 in Stealth
  9059 | D:10     | Reached XP level 11. HP: 78/78 MP: 11/11
  9233 | D:10     | Found a runed gate.
  9233 | D:10     | Found a runed gate.
  9233 | D:10     | Found a runed gate.
  9245 | D:10     | Found a white marble altar of Elyvilon.
  9356 | D:10     | Found a staircase to the Orcish Mines.
  9668 | D:10     | Noticed Mesh's ghost (novice SpEn)
  9714 | Orc:1    | Entered Level 1 of the Orcish Mines
  9724 | Orc:1    | Noticed Sonja
  9735 | Orc:1    | Killed Sonja
  9735 | Orc:1    | Reached skill level 1 in Evocations
 10051 | Orc:1    | Found a roughly hewn altar of Beogh.
 10178 | Orc:1    | Noticed an orc knight
 10417 | D:10     | Killed an orc knight
 10417 | D:10     | Reached XP level 12. HP: 57/84 MP: 13/13
 10563 | Orc:1    | Noticed an orc high priest
 10827 | D:11     | Noticed a death yak
 10827 | D:11     | Noticed a death yak
 10986 | D:11     | Reached skill level 1 in Throwing
 11934 | Orc:1    | Killed an orc high priest
 11968 | D:10     | Slain by a troll

Vault maps used:
D:1:      dpeg_arrival_short_road, minmay_misc_feat_nine_boxes
D:2:      cheibriados_altar_1, minivault_24
D:3:      yredelemnul_altar_generic, first_ration,
          chequers_ecumenical_altar_simple, uniq_sigmund
D:5:      temple_statues, roderic_nine_men_s_morris, grunt_gozag_breadcrumbs
D:6:      gammafunk_temple_overflow_elements
D:8:      hangedman_little_slice_of_home
D:9:      minmay_sliced_demisemicircle, grunt_temple_overflow_open, minitemple,
          gammafunk_ghost_nasty_kobolds
D:10:     orc_0_dummy, basic_altar, gammafunk_ghost_icy, serial_shops,
          nicolae_shop_overgrown_old_shop
D:11:     dpeg_lair_monsters, kennysheep_generic_room_11
Orc:1:    basic_altar, nicolae_orc_damp_corner, lightli_church_of_beogh,
          uniq_sonja

Skill      XL: |  1  2  3  4  5  6  7  8  9 10 11 12 |
---------------+-------------------------------------+-----
Polearms       | 3 4 5 7 9 11 | 11.9
Fighting       | 4 5 6 8 9 |  9.0
Dodging        | 4 5 6 8 9 |  9.0
Shields        | 4 5 6 8 |  8.9
Stealth        | 5 6 |  6.6
Evocations     | 1 2 |  2.5
Throwing       | 1 |  1.8

Action                   |  1- 3 |  4- 6 |  7- 9 | 10-12 || total
-------------------------+-------+-------+-------+-------++-------
Melee: Trident           |    65 |    99 |   342 |   372 ||   878
       Constrict         |     9 |    24 |    56 |    44 ||   133
       Tentacles         |     6 |    13 |    81 |    94 ||   194
Evoke: Wand              |       |       |     9 |    15 ||    24
  Use: Potion            |       |     1 |     1 |     1 ||     3
       Scroll            |       |     2 |       |     8 ||    10
 Stab: Sleeping          |    11 |    10 |    15 |    14 ||    50
       Distracted        |       |       |       |     3 ||     3
       Paralysed         |       |       |       |     7 ||     7
  Eat: Chunk             |       |     6 |    13 |    16 ||    35
Armor: Skin              |     7 |     7 |    25 |    16 ||    55
Dodge: Dodged            |    15 |    22 |   106 |   135 ||   278
Block: Shield            |    17 |    31 |   144 |   177 ||   369

Table legend:
 A = Non-vault XP
 B = Vault XP
 C = Vault XP percentage of total XP
 D = Non-vault monster count
 E = Vault monster count
 F = Vault count percentage of total count
                 A         B        C        D         E       F
            +---------+---------+-------+---------+---------+-------
      Total |   12403 |    1544 |  11.1 |     235 |      12 |   4.9
            +---------+---------+-------+---------+---------+-------
        D:1 |      31 |       0 |   0.0 |      16 |       0 |   0.0
        D:2 |      68 |       0 |   0.0 |      17 |       0 |   0.0
        D:3 |      51 |     205 |  80.1 |      22 |       1 |   4.3
        D:4 |     783 |       0 |   0.0 |      22 |       0 |   0.0
        D:5 |     673 |       0 |   0.0 |      15 |       0 |   0.0
        D:6 |     829 |       0 |   0.0 |      19 |       0 |   0.0
        D:7 |    1976 |       0 |   0.0 |      29 |       0 |   0.0
        D:8 |    1323 |     161 |  10.8 |      28 |       8 |  22.2
        D:9 |    1121 |     118 |   9.5 |      18 |       1 |   5.3
       D:10 |    1754 |     265 |  13.1 |      19 |       1 |   5.0
       D:11 |    1830 |       0 |   0.0 |      11 |       0 |   0.0
      Orc:1 |    1964 |     795 |  28.8 |      19 |       1 |   5.0
            +---------+---------+-------+---------+---------+-------
